 Dungeon Crawl Stone Soup version 0.29-a0-322-g68df515428 (webtiles) character file.

Game seed: 17539614837726642688

4289 bande the Cleaver (level 10, -26/61 HPs)
             Began as a Gargoyle Fighter on Apr 10, 2022.
             Killed from afar by a deep elf pyromancer (35 damage)
             ... with a bolt of fire
             ... on level 8 of the Dungeon.
             The game lasted 00:16:50 (10378 turns).

bande the Cleaver (Gargoyle Fighter)               Turns: 10378, Time: 00:16:51

Health: -26/61     AC: 25    Str: 20    XL:     10   Next: 32%
Magic:  9/9        EV:  7    Int:  9    God:
Gold:   364        SH:  6    Dex: 15    Spells: 9/9 levels left

rFire   . . .      SeeInvis +   a - +1 war axe (venom)
rCold   . . .      Faith    +   c - +0 buckler
rNeg    + + .      Spirit   .   o - +0 chain mail
rPois   ∞          Reflect  .   l - +2 hat
rElec   +          Harm     .   k - +2 cloak
rCorr   .          Rampage  .   e - +1 pair of gloves
Will    .....                   (no boots)
Stlth   ..........              x - amulet of faith
HPRegen 0.20/turn               h - ring of see invisible
MPRegen 0.11/turn               j - ring of positive energy

@: on fire, glowing
A: sickness immunity, AC +7, negative energy resistance 1, electricity
resistance, torment resistance 1, petrification resistance, hooves 1, agile 1,
low MP 1, noise suppression
a: no special abilities


You were on level 8 of the Dungeon.
You visited 2 branches of the dungeon, and saw 9 of its levels.
You also visited: Sewer.

You collected 364 gold pieces.

Inventory:

Hand Weapons
 a - a +1 war axe of venom (weapon)
 u - a +0 scimitar of flaming
 v - a +2 flail of draining
Armour
 c - a +0 buckler (worn)
 e - a +1 pair of gloves (worn)
 k - a +2 cloak (worn)
 l - a +2 hat (worn)
 o - a +0 chain mail (worn)
Jewellery
 h - a ring of see invisible (left hand)
 j - a ring of positive energy (right hand)
 x - an amulet of faith (around neck)
Wands
 d - a wand of iceblast (10)
 f - a wand of flame (27)
 n - a wand of paralysis (16)
Scrolls
 q - a scroll of fog
 r - 3 scrolls of amnesia
 s - a scroll of enchant weapon
 y - a scroll of teleportation
Potions
 b - a potion of mutation
 g - 2 potions of flight
 i - 3 potions of haste
 m - a potion of curing
 p - a potion of cancellation
 t - 5 potions of brilliance
 w - a potion of invisibility {unknown}


   Skills:
 + Level 6.9 Fighting
 + Level 9.1 Axes
 + Level 7.4 Armour
 + Level 6.1 Shields
 * Level 5.0 Evocations


You had 9 spell levels left.
You didn't know any spells.
Your spell library contained the following spells:

 Spells                   Type           Power      Damage    Failure   Level
 Static Discharge         Conj/Air       0%         N/A       100%        2
 Call Canine Familiar     Summ           0%         N/A       100%        3
 Dazzling Flash           Conj/Hex       0%         N/A       100%        3
 Ignite Poison            Fire/Tmut/Pois 0%         N/A       100%        3
 Mephitic Cloud           Conj/Pois/Air  0%         N/A       100%        3
 Portal Projectile        Hex/Tloc       0%         N/A       100%        3
 Cause Fear               Hex            0%         N/A       100%        4
 Dispel Undead            Necr           0%         3d6       100%        4
 Leda's Liquefaction      Hex/Erth       0%         N/A       100%        4
 Sticky Flame             Conj/Fire      0%         2d3       100%        4
 Agony                    Necr           0%         N/A       100%        5
 Freezing Cloud           Conj/Ice/Air   0%         6-21      100%        5
 Silence                  Hex/Air        0%         N/A       100%        5
 Dragon Form              Tmut           0%         N/A       100%        7
 Dragon's Call            Summ           0%         N/A       100%        9


Dungeon Overview and Level Annotations

Branches:
Dungeon (8/15)             Temple (1/1) D:7           Sewer (visited)
   Lair: D:8-11

Altars:
Cheibriados
Dithmenos
Elyvilon
Fedhas
Gozag
Hepliaklqana
Kikubaaqudgha
Nemelex Xobeh
Ru
Sif Muna
Trog
Uskayaw
Vehumet
Wu Jian
Xom
Yredelemnul
Zin
The Shining One

Shops:
D:7 =


Innate Abilities, Weirdness & Mutations

You are immune to sickness and miasma.
Your stone body is resilient. (AC +7)
You are immune to poison.
You resist negative energy. (rN+)
You are resistant to electric shocks. (rElec)
You are resistant to unholy torment.
You are immune to petrification.
You have large cloven feet.
You are agile. (Dex +2)
Your magical capacity is low. (-10% MP)
You passively dampen the noise of your surroundings.


Message History

The deep elf pyromancer mumbles some strange words.
You hit the fire elemental but do no damage.
You kick the fire elemental, but do no damage.
The fire elemental is lightly damaged.
You hit the fire elemental but do no damage.
The fire elemental closely misses you.
The deep elf pyromancer points at you and mumbles some strange words.
The bolt of fire hits the fire elemental.
The fire elemental completely resists.
The bolt of fire hits you. The fire elemental hits you.
The fire elemental burns you!
You slash the fire elemental! Your kick misses the fire elemental.
The fire elemental is moderately damaged.
You closely miss the fire elemental. The fire elemental hits you.
The fire elemental burns you! The fire elemental barely misses you.
The deep elf pyromancer casts a spell.
The deep elf pyromancer blinks!
The fire elemental barely misses you.
Unknown command.
You miss the fire elemental. Your kick misses the fire elemental.
The fire elemental is moderately damaged.
You closely miss the fire elemental. The fire elemental hits you.
The fire elemental burns you! The fire elemental hits you.
The fire elemental burns you!
* * * LOW HITPOINT WARNING * * *
The deep elf pyromancer casts a spell at you.
The sticky flame hits you but does no damage.
You are covered in liquid flames!
You block the fire elemental's attack.
Unknown command.
You barely miss the fire elemental.
You kick the fire elemental, but do no damage.
The fire elemental is moderately damaged.
You hit the fire elemental.
You are covered in liquid flames!
* * * LOW HITPOINT WARNING * * *
The fire elemental hits you. The fire elemental burns you!
* * * LOW HITPOINT WARNING * * *
The deep elf pyromancer gestures at you while chanting.
The bolt of fire hits you!!
Ouch! That really hurt!
You die...

#### ##.## ##...# #.#
##..###.## ##.## ##.#
#......## ##..######.##
..###### #....##.....###
#. .##
##.##..........##.. .#
###.###'###......#... .#
##..##.....##.........
.#
##..##...8.§.##........
.#
#..##....@E...#........
.#
##.###.⌠._E_.⌠.#........
## #..#
#......e..#......#...
#..#
##...8...##......##..#
#..##
##.....##...........#
##..##
########............
###.## #.# #............
##.###.## ##............
######
##.##..###.............


You could see a deep elf pyromancer (poisoned) and 2 fire elementals.

Vanquished Creatures
  Erica (D:8)
  A troll (D:6)
  Prince Ribbit (D:5)
  A wyvern (D:8)
  A steam dragon (D:7)
  Menkaure (D:7)
  An acid dragon (D:8)
  Duvessa (D:7)
  4 sky beasts
  A black bear (D:6)
  3 ogres (D:6)
  6 kobold brigands
  3 bullfrogs
  A gnoll sergeant (D:6)
  A necrophage (D:7)
  4 scorpions
  Dowan (D:7)
  A killer bee (D:7)
  4 orc priests
  4 hounds
  2 jellies (D:5)
  Crazy Yiuf (D:2)
  A gnoll shaman (D:6)
  2 iguanas (D:7)
  5 orc wizards
  8 gnolls
  7 adders
  A shadow imp (D:6)
  2 white imps
  2 ufetubi
  3 worms
  4 dart slugs
  23 orcs
  14 ball pythons
  8 endoplasms
  4 giant cockroaches
  9 goblins
  11 hobgoblins
  5 jackals (D:1)
  5 quokkas
  9 bats
  2 frilled lizards (D:1)
  38 kobolds
  7 rats
  A spectral hobgoblin (D:1)
215 creatures vanquished.

Vanquished Creatures (others)
  An orc wizard (D:3)
  A white imp (D:8)
  A kobold (D:8)
  3 plants (Sewer)
6 creatures vanquished.

Grand Total: 221 creatures vanquished

Notes
Turn   | Place    | Note
-------+----------+-------------------------------------------
     0 | D:1      | bande the Gargoyle Fighter began the quest for the Orb.
     0 | D:1      | Reached XP level 1. HP: 14/14 MP: 1/1
   115 | D:1      | Reached XP level 2. HP: 19/19 MP: 2/2
   128 | D:1      | Found a faded altar of an unknown god.
   231 | D:1      | Reached skill level 2 in Axes
   579 | D:1      | Reached XP level 3. HP: 23/23 MP: 3/3
  1387 | D:2      | Reached XP level 4. HP: 29/29 MP: 4/4
  1634 | D:2      | Identified the +1 short sword of the Firefly {holy, MP+9
                  | Int+4}
  1660 | D:2      | Found a runed translucent door.
  1661 | D:2      | Noticed Crazy Yiuf
  1891 | D:2      | Killed Crazy Yiuf
  1892 | D:2      | Reached skill level 3 in Axes
  2097 | D:3      | Reached XP level 5. HP: 33/33 MP: 5/5
  3036 | D:4      | Reached skill level 4 in Axes
  3036 | D:4      | Reached XP level 6. HP: 31/38 MP: 6/6
  3248 | D:4      | Found a hazy altar of Hepliaklqana.
  3526 | D:4      | Reached XP level 7. HP: 41/44 MP: 7/7
  3860 | D:5      | Entered Level 5 of the Dungeon
  3886 | D:5      | Reached skill level 5 in Axes
  3996 | D:5      | HP: 2/44 [acid (5)]
  4395 | D:5      | Reached skill level 1 in Evocations
  4576 | D:5      | Found a glowing drain.
  4591 | Sewer    | Entered a sewer
  4933 | Sewer    | Reached skill level 5 in Armour
  5128 | Sewer    | Reached XP level 8. HP: 46/48 MP: 8/8
  5626 | D:6      | Reached skill level 6 in Axes
  5798 | D:5      | Reached skill level 5 in Fighting
  5915 | D:5      | Identified the +12 trident of Sarrunwuomp {venom, Will++
                  | Int+5}
  6103 | D:5      | Found a shimmering blue altar of Sif Muna.
  6103 | D:5      | Noticed Prince Ribbit
  6128 | D:5      | Killed Prince Ribbit
  6129 | D:5      | Reached skill level 5 in Shields
  6731 | D:6      | Gained mutation: You passively dampen the noise of your
                  | surroundings. [potion of mutation]
  6731 | D:6      | Gained mutation: Your magical capacity is low. (-10% MP)
                  | [potion of mutation]
  6731 | D:6      | Gained mutation: You have hidden genetic potential. [potion
                  | of mutation]
  6783 | D:6      | Noticed a troll
  6796 | D:6      | HP: 2/50 [troll (13)]
  6810 | D:6      | Killed a troll
  6811 | D:6      | Reached skill level 7 in Axes
  6811 | D:6      | Reached XP level 9. HP: 29/55 MP: 8/8
  7928 | D:6      | Identified the +9 long sword of Sulphur {drain, rPois MP+9}
  8178 | D:7      | Found an ancient bone altar of Kikubaaqudgha.
  8179 | D:7      | Found a radiant altar of Vehumet.
  8190 | D:7      | Gained mutation: You have large cloven feet. [hidden
                  | potential]
  8472 | D:7      | Noticed Dowan
  8474 | D:7      | Noticed Duvessa
  8485 | D:7      | Killed Duvessa
  8486 | D:7      | Reached skill level 8 in Axes
  8489 | D:7      | Killed Dowan
  8527 | D:7      | Found a staircase to the Ecumenical Temple.
  8546 | Temple   | Entered the Ecumenical Temple
  8661 | D:7      | Noticed Menkaure
  8667 | D:7      | Killed Menkaure
  8948 | D:7      | Identified the +5 ring mail of Amorous Mirth {rElec rF+}
  9105 | D:7      | Found Haov's Jewellery Emporium.
  9557 | D:8      | Noticed Erica
  9693 | D:8      | Killed Erica
  9694 | D:8      | Reached XP level 10. HP: 35/61 MP: 9/9
  9923 | D:8      | Reached skill level 9 in Axes
  9926 | D:8      | Reached skill level 5 in Evocations
  9946 | D:8      | Gained mutation: You are agile. (Dex +2) [hidden potential]
  9946 | D:8      | Lost mutation: You have hidden genetic potential. [hidden
                  | potential expressed]
 10367 | D:8      | Found a sparkling altar of Nemelex Xobeh.
 10367 | D:8      | Found an opulent altar of Gozag.
 10367 | D:8      | Noticed a deep elf pyromancer
 10378 | D:8      | Killed from afar by a deep elf pyromancer

Illustrated notes

Levels and vault maps discovered:
D:1:      dpeg_arrival_round_b, layout_loops_ring,
          dreamdust_ecumenical_altar_drowned_temple
D:2:      layout_rooms, kennysheep_generic_room_7, uniq_crazy_yiuf_cottage
D:3:      layout_loops_ring
D:4:      layout_cave_pods, lemuel_doored_altar, grunt_ministairs_9
D:5:      layout_loops_ring, led_sif_pool, portal_sewer_entry_c,
          uniq_prince_ribbit1
D:6:      lemuel_ice_spiral_2, layout_basic
D:7:      layout_basic, mainiacjoe_overflow_divided_tiny,
          minmay_temple_entry_glassed_door, serial_shops, nicolae_diamond_shop,
          minmay_misc_feat_x, minmay_circle_x, uniq_duvessa, uniq_menkaure
D:8:      layout_layer_cave, grunt_temple_overflow_opulence,
          minmay_misc_feat_four_crosses, uniq_erica
Temple:   nicolae_temple_hex_pool

Skill      XL: |  1  2  3  4  5  6  7  8  9 10 |
---------------+-------------------------------+-----
Axes           | 2 3 4 5 7 8 9 |  9.1
Fighting       | 4 5 6 |  6.9
Shields        | 4 5 6 |  6.1
Armour         | 4 5 6 7 |  7.4
Evocations     | 1 3 4 5 |  5.0

Action                   |  1- 3 |  4- 6 |  7- 9 | 10-12 || total
-------------------------+-------+-------+-------+-------++-------
Melee: War axe           |   125 |   145 |   450 |    33 ||   753
       Kick              |       |       |    42 |     9 ||    51
  Use: Scroll            |     4 |     6 |     9 |       ||    19
       Potion            |       |       |     7 |       ||     7
Armor: Scale mail        |    98 |    72 |       |       ||   170
       Chain mail        |       |    28 |   332 |    38 ||   398
       Skin              |       |     4 |       |       ||     4
Dodge: Dodged            |    72 |    72 |   176 |    16 ||   336
Block: Buckler           |    36 |    34 |   120 |    14 ||   204

Table legend: (Time is in decaauts)
 A = Elapsed time spent in this place.
 B = Non-inter-level travel time spent in this place.
 C = Inter-level travel time spent in this place.
 D = Time resting spent in this place.
 E = Time spent auto-exploring this place.
 F = Levels seen in this place.
 G = Mean time per level.
                   A        B        C        D        E       F      G
               +--------+--------+--------+--------+--------+-----+--------+
         Total |  10603 |  10328 |    275 |   2322 |   5758 |  10 | 1060.3 |
       Dungeon |   9888 |   9632 |    256 |   2090 |   5439 |   8 | 1236.0 |
        Temple |     93 |     74 |     19 |      0 |     61 |   1 |   93.0 |
         Sewer |    621 |    621 |      0 |    232 |    257 |   1 |  621.0 |
               +--------+--------+--------+--------+--------+-----+--------+

Top non-repeatable levels by time:
     D:6: 2207 daAuts
     D:5: 1549 daAuts
     D:1: 1252 daAuts
     D:7: 1202 daAuts
     D:4: 979 daAuts
     D:8: 951 daAuts
     D:2: 900 daAuts
     D:3: 846 daAuts
   Sewer: 621 daAuts
  Temple: 93 daAuts
